 Dungeon Crawl Stone Soup version 0.31.0-11-ge490571c62 (webtiles) character file.

Game seed: 11843393389967509280

7397 qw the Markself (level 10, -5/58 HPs)
             Began as a Deep Elf Hunter on Feb 3, 2024.
             Was a Believer of Okawaru.
             Incinerated by a deep elf pyromancer (15 damage)
             ... with a pyre arrow
             ... on level 10 of the Dungeon.
             The game lasted 00:00:47 (8489 turns).

qw the Markself (Deep Elf Hunter)                   Turns: 8489, Time: 00:00:48

Health: -5/58      AC: 14    Str: 12    XL:     10   Next: 92%
Magic:  13/15      EV: 22    Int: 15    God:    Okawaru [**....]
Gold:   130        SH:  0    Dex: 22    Spells: 9/9 levels left

rFire   . . .        n - +1 longbow (freeze)
rCold   + . .        (shield currently unavailable)
rNeg    . . .        r - +2 leather armour {Will+}
rPois   .            (helmet restricted)
rElec   .            u - +1 cloak
rCorr   .            a - +2 pair of gloves
SInv    .            j - +2 pair of boots
Will    ++...        t - amulet of faith
Stlth   ++           f - ring of protection from cold
HPRegen 0.29/turn    c - +6 ring of dexterity
MPRegen 0.14/turn

%: faith
@: on fire, heroic, glowing
A: horns 1, clumsy 1, MP-powered wands
a: Renounce Religion, Heroism


You were on level 10 of the Dungeon.
You worshipped Okawaru.
Okawaru was pleased with you.
You visited 2 branches of the dungeon, and saw 11 of its levels.
You also visited: Ossuary.

You collected 549 gold pieces.
You spent 419 gold pieces at shops.


Innate Abilities, Weirdness & Mutations

You have a pair of small horns on your head.
You are clumsy. (Dex -2)
You expend magic power (3 MP) to strengthen your wands.


   Skills:
 - Level 4.3(9.3) Fighting
 - Level 18.0(23.0) Ranged Weapons
 - Level 2.0(7.0) Armour
 + Level 8.8(13.8) Dodging
 - Level 1.2(6.2) Stealth
 - Level 4.0 Invocations


You had 9 spell levels left.
You didn't know any spells.
Your spell library was empty.

Inventory:

Hand Weapons
 n - a +1 longbow of freezing (weapon)
 q - the +5 longbow of the Nexus {antimagic, Dex+3}
   (You found it on level 5 of the Dungeon)

   Dex+3:     It affects your dexterity (+3).
Armour
 a - a +2 pair of gloves (worn)
 d - a +0 ring mail
 j - a +2 pair of boots (worn)
 r - a +2 leather armour of willpower (worn)
 u - a +1 cloak (worn)
Jewellery
 b - a ring of fire
 c - a +6 ring of dexterity (right hand)
 f - a ring of protection from cold (left hand)
 h - an amulet of reflection
 k - a ring of willpower
 t - an amulet of faith (around neck)
Wands
 l - a wand of quicksilver (13)
 v - a wand of paralysis (5)
 z - a wand of roots (5)
 A - a wand of digging (6)
Scrolls
 y - a scroll of identify
Potions
 e - 3 potions of curing
 g - 4 potions of heal wounds
 i - 2 potions of resistance
 m - 3 potions of enlightenment
 o - 2 potions of mutation
 p - a potion of berserk rage {unknown}
 s - 2 potions of haste
 w - a potion of might
 x - 4 potions of cancellation

Dungeon Overview and Level Annotations

Branches:
Dungeon (10/15)            Temple (1/1) D:5         Ossuary (visited)
   Lair: D:8-11         Orc: D:9-12

Altars:
Ashenzari
Cheibriados
Dithmenos
Elyvilon
Fedhas
Gozag
Hepliaklqana
Kikubaaqudgha
Makhleb
Nemelex Xobeh
Okawaru
Qazlal
Ru
Sif Muna
Trog
Uskayaw
Vehumet
Wu Jian
Xom
Yredelemnul
Zin
The Shining One

Shops:
D:3 :   D:8 *   D:9 *[(

Portals:
Abyss: D:9
Bailey: D:10

Annotations:
D:7 2 transporters, qw's ghost, novice GrHu
D:9 2 transporters, qw's ghost, journeyman DjHu


Message History

The gnoll hits you but does no damage.
You shoot an arrow. The arrow hits the gnoll!
The arrow freezes the gnoll.
You kill the gnoll!
Okawaru accepts your kill.
Things that are here:
a +0 whip; a gnoll corpse
Items here: % ))) [.
You hear the quick creaking of a portcullis nearby.
You open the door.
Found a stone staircase leading down.
There is an open door here.
Found 5 poisoned darts.
A deep elf pyromancer comes into view. It is wielding a +0 long sword.
8482 ||| INVOKING Heroism.
You gain the combat prowess of a mighty hero.
You shoot an arrow.
The arrow hits the deep elf pyromancer!!
The arrow freezes the deep elf pyromancer.
The deep elf pyromancer is heavily wounded.
The deep elf pyromancer points at you and mumbles some strange words.
The pyre arrow hits you.
You are covered in intense liquid fire!
You shoot an arrow. The arrow hits the deep elf pyromancer.
The arrow freezes the deep elf pyromancer.
The deep elf pyromancer is severely wounded.
The liquid fire burns you!
You shoot an arrow. The arrow hits the deep elf pyromancer!
The arrow freezes the deep elf pyromancer.
You kill the deep elf pyromancer!
Okawaru accepts your kill. The liquid fire burns you!
You are on fire!
The liquid fire burns you!
You are on fire!
The liquid fire burns you!
You are on fire!
The liquid fire burns you!
You are on fire!
The liquid fire burns you!
You die...

..# #
#.............# ..#
.# #........######
..####.# #.####'###
..##...# #.#
..##.### #.# .....#
###.## ...### #....#
...# #.#..#
##.####### #.#@.#
.................>#
##.########.##.....)
##'### #..(.....
.....# #..........
.....# #..........
.....# #...#######
.....# ###. ..#.#
.....#........


There were no monsters in sight!

Vanquished Creatures
  A deep elf pyromancer (D:10)
  2 unseen horror zombies (D:8)
  2 wyverns
  A wraith (D:9)
  7 yaks
  2 humans (D:8)
  3 steam dragons
  A vampire mosquito (D:6)
  A water moccasin (D:7)
  2 ice beasts
  3 orc warriors (D:9)
  A sky beast (D:8)
  A hornet zombie (D:8)
  2 ogres
  3 centaurs
  A phantom (D:5)
  4 kobold brigands
  2 bullfrogs
  11 scorpions
  9 wights
  3 killer bees (D:10)
  2 howler monkeys
  2 centaur zombies (D:8)
  4 hounds
  2 jellies
  2 bombardier beetles
  2 human zombies (Ossuary)
  2 sleepcaps
  2 gnoll boudas
  3 orc priests (D:9)
  An iguana (D:5)
  3 orc wizards
  4 scorpion zombies (Ossuary)
  2 killer bee zombies (D:8)
  3 mummies (Ossuary)
  A howler monkey zombie (D:8)
  10 adders
  13 gnolls
  2 ufetubi (D:7)
  An adder zombie (Ossuary)
  2 dart slugs
  A ribbon worm (D:3)
  20 orcs
  8 endoplasms
  6 giant cockroaches
  3 gnoll zombies (Ossuary)
  4 goblins
  8 hobgoblins
  8 jackals (D:1)
  2 quokkas
  3 ball pythons (D:2)
  4 ball python zombies (Ossuary)
  7 bats
  7 frilled lizards
  3 jackal zombies (Ossuary)
  33 kobolds
  5 orc zombies (Ossuary)
  5 rats (D:1)
252 creatures vanquished.

Notes
Turn   | Place    | Note
-------+----------+-------------------------------------------
     0 | D:1      | qw the Deep Elf Hunter began the quest for the Orb.
     0 | D:1      | Reached XP level 1. HP: 12/12 MP: 3/3
     0 | D:1      | 0 ||| qw: Version: 0.3-a-157-g843a77d
     0 | D:1      | 0 ||| qw: Game counter: 3603
     0 | D:1      | 0 ||| qw: Melee chars always use a shield: true
     0 | D:1      | 0 ||| qw: God list: Okawaru
     0 | D:1      | 0 ||| qw: Allow faded altars: false
     0 | D:1      | 0 ||| qw: Do Orc after clearing Dungeon:15 true
     0 | D:1      | 0 ||| qw: Do second Lair branch before Depths: true
     0 | D:1      | 0 ||| qw: Lair rune preference: random
     0 | D:1      | 0 ||| qw: Goals: Normal
     0 | D:1      | 0 ||| PLANNING D:1-11
   117 | D:1      | Reached XP level 2. HP: 16/16 MP: 4/4
   134 | D:1      | Reached skill level 6 in Ranged Weapons
   267 | D:1      | 267 ||| RETREEEEATING.
   351 | D:1      | Reached XP level 3. HP: 20/20 MP: 5/5
   720 | D:1      | 720 ||| UPGRADING to amulet of reflection.
   725 | D:1      | 725 ||| UPGRADING to ring of protection from cold.
   726 | D:1      | 726 ||| READING scroll labelled HOSIK ITULIOFO.
   726 | D:1      | 726 ||| IDENTIFYING golden potion
   727 | D:1      | 727 ||| DROPPING scroll of butterflies.
   772 | D:2      | 772 ||| STAIRDANCE
   782 | D:1      | HP: 5/20 [poisoned by an adder]
   783 | D:1      | Reached skill level 7 in Ranged Weapons
   785 | D:1      | HP: 2/20 [poisoned by an adder]
   867 | D:2      | 867 ||| STAIRDANCE
   917 | D:2      | 917 ||| STAIRDANCE
   931 | D:2      | 931 ||| STAIRDANCE
   947 | D:2      | Reached XP level 4. HP: 25/25 MP: 6/6
  1335 | D:2      | Reached skill level 8 in Ranged Weapons
  1385 | D:2      | 1385 ||| UPGRADING to +0 pair of boots.
  1390 | D:2      | 1390 ||| READING 2 scrolls labelled KUECOATE DOCU.
  1390 | D:2      | 1390 ||| ENCHANTING +0 pair of boots.
  1391 | D:2      | 1391 ||| READING scroll of enchant armour.
  1391 | D:2      | 1391 ||| ENCHANTING +1 pair of boots.
  1392 | D:2      | 1392 ||| READING scroll labelled ROPUADU ZUXTERA.
  1493 | D:2      | 1493 ||| DRINKING 2 green potions.
  1593 | D:3      | Found a glowing golden altar of the Shining One.
  1619 | D:3      | Found a bloodstained altar of Trog.
  1707 | D:3      | Found a stormy altar of Qazlal.
  1724 | D:3      | 1724 ||| SWAPPING to +0 orcbow.
  1726 | D:3      | 1726 ||| DROPPING +0 shortbow.
  1847 | D:3      | Found a shimmering altar of Xom.
  2201 | D:3      | Found Tauste's Book Shop.
  2374 | D:3      | 2374 ||| UPGRADING to +0 pair of gloves.
  2379 | D:3      | 2379 ||| READING scroll labelled KOISME MUMESCH.
  2380 | D:3      | 2380 ||| READING scroll labelled PISEAM JONEO.
  2381 | D:3      | 2381 ||| READING scroll labelled JYK YNESMEG.
  2383 | D:3      | 2383 ||| Stepping ~*~*~tactically~*~*~ (cloud).
  2472 | D:4      | Found an opulent altar of Gozag.
  2503 | D:4      | Found a shadowy altar of Dithmenos.
  2660 | D:4      | 2660 ||| READING scroll of enchant armour.
  2660 | D:4      | 2660 ||| ENCHANTING +0 pair of gloves.
  2675 | D:4      | Reached XP level 5. HP: 29/29 MP: 7/7
  2790 | D:4      | Noticed an ice beast
  2791 | D:4      | 2791 ||| DRINKING potion of haste.
  2805 | D:4      | Killed an ice beast
  2806 | D:4      | Reached skill level 9 in Ranged Weapons
  2806 | D:4      | Reached XP level 6. HP: 26/34 MP: 8/8
  2959 | D:4      | Reached skill level 3 in Dodging
  3377 | D:4      | 3377 ||| UPGRADING to +0 ring mail.
  3387 | D:4      | 3387 ||| DROPPING +0 leather armour.
  3388 | D:4      | 3388 ||| READING scroll of identify.
  3388 | D:4      | 3388 ||| IDENTIFYING fuming golden potion
  3389 | D:4      | 3389 ||| READING scroll labelled ITOOGG GISIA.
  3389 | D:4      | 3389 ||| ENCHANTING +0 orcbow.
  3390 | D:4      | 3390 ||| DRINKING 2 amethyst potions.
  3404 | D:5      | Entered Level 5 of the Dungeon
  3445 | D:5      | 3445 ||| READING scroll of enchant weapon.
  3445 | D:5      | 3445 ||| ENCHANTING +1 orcbow.
  3475 | D:5      | Reached skill level 1 in Armour
  3544 | D:5      | Reached skill level 10 in Ranged Weapons
  3544 | D:5      | Reached XP level 7. HP: 40/40 MP: 9/9
  3562 | D:5      | Found a staircase to the Ecumenical Temple.
  3563 | D:5      | 3563 ||| PLANNING TEMPLE
  3563 | D:5      | 3563 ||| UPGRADING to +6 ring of dexterity.
  3567 | D:5      | 3567 ||| FLEEEEING.
  3568 | D:5      | 3568 ||| FLEEEEING.
  3569 | D:5      | 3569 ||| FLEEEEING.
  3570 | D:5      | 3570 ||| FLEEEEING.
  3572 | D:5      | 3572 ||| FLEEEEING.
  3575 | D:5      | 3575 ||| FLEEEEING.
  3576 | D:5      | 3576 ||| FLEEEEING.
  3577 | D:5      | 3577 ||| FLEEEEING.
  3595 | Temple   | Entered the Ecumenical Temple
  3596 | Temple   | 3596 ||| PLANNING D:1-11
  3732 | D:5      | Identified the +5 longbow of the Nexus {antimagic, Dex+3}
  3734 | D:5      | 3734 ||| SWAPPING to +5 longbow of the Nexus {antimagic,
                  | Dex+3}.
  3735 | D:5      | 3735 ||| DROPPING +2 orcbow.
  3991 | D:5      | 3991 ||| UPGRADING to +0 helmet.
  4000 | D:6      | 4000 ||| STAIRDANCE
  4012 | D:6      | Reached skill level 11 in Ranged Weapons
  4234 | D:6      | Reached XP level 8. HP: 45/45 MP: 3/10
  4335 | D:6      | Reached skill level 12 in Ranged Weapons
  4339 | D:6      | Found a blossoming altar of Fedhas.
  4363 | D:6      | 4363 ||| READING scroll of enchant armour.
  4363 | D:6      | 4363 ||| ENCHANTING +1 pair of gloves.
  4458 | D:6      | Reached skill level 3 in Fighting
  4843 | D:6      | 4843 ||| UPGRADING to +0 cloak.
  4848 | D:6      | 4848 ||| READING 2 scrolls of identify.
  4848 | D:6      | 4848 ||| IDENTIFYING fuming inky potion
  4849 | D:6      | 4849 ||| READING scroll of identify.
  4849 | D:6      | 4849 ||| IDENTIFYING viscous purple potion
  4850 | D:6      | 4850 ||| DRINKING 2 grey potions.
  4851 | D:6      | 4851 ||| DRINKING 2 murky clear potions.
  4852 | D:6      | 4852 ||| DROPPING potion of lignification.
  4853 | D:6      | 4853 ||| DROPPING potion of invisibility.
  4854 | D:6      | 4854 ||| DROPPING potion of attraction.
  4883 | D:7      | Found a sand-covered staircase.
  4884 | D:7      | 4884 ||| PLANNING OSSUARY
  4891 | Ossuary  | Entered an ossuary
  4986 | Ossuary  | Reached skill level 13 in Ranged Weapons
  5065 | Ossuary  | Reached skill level 6 in Dodging
  5127 | Ossuary  | 5127 ||| READING scroll of enchant armour.
  5127 | Ossuary  | 5127 ||| ENCHANTING +0 helmet.
  5209 | Ossuary  | Reached XP level 9. HP: 51/51 MP: 3/11
  5232 | Ossuary  | 5232 ||| READING 3 scrolls of identify.
  5232 | Ossuary  | 5232 ||| IDENTIFYING brown potion
  5233 | Ossuary  | 5233 ||| READING 2 scrolls of identify.
  5233 | Ossuary  | 5233 ||| IDENTIFYING 2 sapphire potions
  5234 | Ossuary  | 5234 ||| READING scroll of identify.
  5234 | Ossuary  | 5234 ||| IDENTIFYING 2 smoky silvery potions
  5235 | Ossuary  | 5235 ||| READING scroll labelled PAOWUS AFOS.
  5236 | Ossuary  | 5236 ||| READING 2 scrolls labelled ESOSAEW IPANOH.
  5237 | Ossuary  | 5237 ||| DRINKING 3 glowing amethyst potions.
  5237 | Ossuary  | Gained mutation: You expend magic power (3 MP) to
                  | strengthen your wands. [potion of mutation]
  5237 | Ossuary  | Gained mutation: You have a pair of small horns on your
                  | head. [potion of mutation]
  5237 | Ossuary  | Gained mutation: You are clumsy. (Dex -2) [potion of
                  | mutation]
  5238 | Ossuary  | 5238 ||| DROPPING +1 helmet.
  5239 | Ossuary  | 5239 ||| DRINKING 3 smoky blue potions.
  5240 | Ossuary  | 5240 ||| DRINKING 4 potions of curing.
  5240 | Ossuary  | 5240 ||| (to cure confusion)
  5241 | Ossuary  | 5241 ||| DROPPING 2 potions of brilliance.
  5242 | Ossuary  | 5242 ||| DROPPING scroll of revelation.
  5243 | Ossuary  | 5243 ||| DROPPING 2 potions of ambrosia.
  5279 | D:7      | 5279 ||| PLANNING D:1-11
  5297 | D:7      | Found a hide-covered altar of Uskayaw.
  5395 | D:7      | Found a hazy altar of Hepliaklqana.
  5482 | D:7      | Reached skill level 14 in Ranged Weapons
  5667 | D:7      | Found a transporter.
  5674 | D:7      | Found a transporter.
  5674 | D:7      | Noticed qw's ghost (novice GrHu)
  5711 | D:7      | 5711 ||| Stepping ~*~*~tactically~*~*~ (cloud).
  5719 | D:7      | Identified the beast talisman of Youthful Indiscretion
                  | {Str+3 Int+4}
  5747 | D:7      | Noticed a moth of wrath
  5752 | D:7      | Noticed a two-headed ogre
  5810 | D:7      | Found a bloodstained altar of Trog.
  5921 | D:7      | Found a white marble altar of Elyvilon.
  6019 | D:7      | Reached skill level 15 in Ranged Weapons
  6217 | D:8      | 6217 ||| FLEEEEING.
  6222 | D:8      | 6222 ||| FLEEEEING.
  6223 | D:8      | 6223 ||| FLEEEEING.
  6224 | D:8      | 6224 ||| FLEEEEING.
  6225 | D:8      | 6225 ||| FLEEEEING.
  6226 | D:8      | 6226 ||| FLEEEEING.
  6227 | D:8      | 6227 ||| FLEEEEING.
  6228 | D:8      | 6228 ||| FLEEEEING.
  6229 | D:8      | 6229 ||| FLEEEEING.
  6230 | D:8      | 6230 ||| FLEEEEING.
  6231 | D:8      | 6231 ||| FLEEEEING.
  6232 | D:8      | 6232 ||| FLEEEEING.
  6233 | D:8      | 6233 ||| FLEEEEING.
  6234 | D:8      | 6234 ||| FLEEEEING.
  6235 | D:8      | 6235 ||| FLEEEEING.
  6236 | D:8      | 6236 ||| FLEEEEING.
  6237 | D:8      | 6237 ||| FLEEEEING.
  6238 | D:8      | 6238 ||| FLEEEEING.
  6239 | D:8      | 6239 ||| FLEEEEING.
  6240 | D:8      | 6240 ||| FLEEEEING.
  6241 | D:8      | 6241 ||| FLEEEEING.
  6242 | D:8      | 6242 ||| FLEEEEING.
  6243 | D:8      | 6243 ||| STAIRDANCE
  6263 | D:8      | 6263 ||| STAIRDANCE
  6293 | D:8      | 6293 ||| RETREEEEATING.
  6295 | D:8      | Reached skill level 16 in Ranged Weapons
  6299 | D:8      | Reached XP level 10. HP: 39/56 MP: 4/12
  6433 | D:8      | Found a basalt altar of Yredelemnul.
  6482 | D:8      | Found Tutsoux's Lightly-Used Armoury.
  6744 | D:8      | Found a burning altar of Makhleb.
  6837 | D:8      | Found an iron altar of Okawaru.
  6838 | D:8      | 6838 ||| PLANNING OKAWARU WORSHIP
  6838 | D:8      | 6838 ||| UPGRADING to amulet of faith.
  6848 | D:8      | 6848 ||| READING scroll of identify.
  6848 | D:8      | 6848 ||| IDENTIFYING yellow potion
  6849 | D:8      | 6849 ||| DROPPING potion of degeneration.
  6863 | D:8      | Reached skill level 17 in Ranged Weapons
  6903 | D:8      | Became a worshipper of Warmaster Okawaru
  6904 | D:8      | 6904 ||| PLANNING D:1-11
  7095 | D:8      | 7095 ||| SWAPPING to +0 longbow.
  7158 | D:8      | 7158 ||| READING scroll of enchant weapon.
  7158 | D:8      | 7158 ||| ENCHANTING +0 longbow.
  7205 | D:9      | Found Seryunua's Assorted Antiques.
  7223 | D:9      | 7223 ||| BUYING dyed leather armour (105 gold).
  7223 | D:9      | Bought a dyed leather armour for 105 gold pieces
  7223 | D:9      | 7223 ||| BUYING pair of glowing boots (157 gold).
  7223 | D:9      | Bought a pair of glowing boots for 157 gold pieces
  7223 | D:9      | 7223 ||| BUYING pair of runed gloves (157 gold).
  7223 | D:9      | Bought a pair of runed gloves for 157 gold pieces
  7223 | D:9      | 7223 ||| SHOPLISTING potion of curing (63 gold, have 33).
  7223 | D:9      | 7223 ||| SHOPLISTING scroll of identify (42 gold, have 33).
  7223 | D:9      | 7223 ||| SHOPLISTING wand of quicksilver (5) (441 gold,
                  | have 33).
  7237 | D:9      | 7237 ||| RETREEEEATING.
  7239 | D:9      | 7239 ||| RETREEEEATING.
  7240 | D:9      | 7240 ||| RETREEEEATING.
  7249 | D:9      | Reached * piety under Okawaru
  7350 | D:9      | Found a one-way gate to the infinite horrors of the Abyss.
  7350 | D:9      | Found a transporter.
  7350 | D:9      | Noticed qw's ghost (journeyman DjHu)
  7351 | D:9      | Noticed an occultist
  7351 | D:9      | Noticed a toenail golem
  7364 | D:9      | Found a transporter.
  7364 | D:9      | Noticed a large abomination
  7375 | D:9      | Reached skill level 1 in Invocations
  7487 | D:9      | Noticed an animated pearl dragon scales
  7488 | D:9      | Found Hidugas's Armour Emporium.
  7489 | D:9      | Noticed an animated gold dragon scales
  7498 | D:9      | 7498 ||| SHOPLISTING +1 pair of boots of Experimentation
                  | {Dex+3} (387 gold, have 33).
  7515 | D:9      | Found Faschaf's Weapon Emporium.
  7559 | D:9      | Noticed a toenail golem
  7592 | D:9      | Reached skill level 18 in Ranged Weapons
  7629 | D:9      | Noticed a glowing orange brain
  7722 | D:9      | Reached skill level 3 in Invocations
  7797 | D:9      | Found a radiant altar of Vehumet.
  7982 | D:9      | 7982 ||| UPGRADING to +2 leather armour of willpower.
  7992 | D:9      | 7992 ||| DROPPING +2 pair of boots.
  7993 | D:9      | 7993 ||| DROPPING +1 pair of gloves of infusion.
  7994 | D:9      | 7994 ||| READING scroll labelled NEUDWI TOMA.
  7994 | D:9      | 7994 ||| BRANDING +1 longbow.
  7995 | D:9      | 7995 ||| READING scroll labelled WEKOEM IFA.
  8003 | D:10     | Entered Level 10 of the Dungeon
  8196 | D:10     | 8196 ||| RETREEEEATING.
  8197 | D:10     | 8197 ||| RETREEEEATING.
  8203 | D:10     | Reached ** piety under Okawaru
  8319 | D:10     | Found a flagged portal.
  8325 | D:10     | 8325 ||| READING scroll of enchant armour.
  8325 | D:10     | 8325 ||| ENCHANTING +0 cloak.
  8481 | D:10     | Noticed a deep elf pyromancer
  8482 | D:10     | 8482 ||| INVOKING Heroism.
  8485 | D:10     | Killed a deep elf pyromancer
  8488 | D:10     | HP: 9/58 [burnt (17)]
  8489 | D:10     | Incinerated by a deep elf pyromancer

Levels and vault maps discovered:
D:1:      wander_arrival_abandoned_jail, layout_loops_cross,
          serial_bayou_ford_a, feat_on_display
D:2:      layout_basic, kennysheep_generic_room_5
D:3:      layout_loops_corners, mainiacjoe_overflow_tiny_flanked,
          mainiacjoe_overflow_boulevard, amcnicky_altar_gilded, tso_altar,
          serial_shops, shop_fountains
D:4:      layout_basic, grunt_dithmenos_smoke_and_mirrors, lemuel_tele_altar
D:5:      layout_basic, minmay_temple_entry_arrows, minmay_misc_feat_cross,
          minmay_between
D:6:      layout_loops_ring, fedhas_altar_2, hangedman_decor_clover_reticule,
          kennysheep_diamond
D:7:      layout_basic, mainiacjoe_overflow_chevrons,
          nzn_hepliaklqana_mist_gate, mainiacjoe_overflow_alcove_1,
          nicolae_ossuary_entry_ruins, gammafunk_ghost_wrathful_warriors,
          nicolae_concentric_dashed_squares_wild, minivault_10,
          bh_walls_and_bars
D:8:      layout_cave_pods, nicolae_yredelemnul_corpse_copse,
          nicolae_overflow_crystal_walls, okawaru_humans, minmay_shop_damaged
D:9:      layout_basic, marbit_many_paths, gammafunk_ghost_abyssal_escape,
          serial_shops, nicolae_shop_mannequins, shop, nicolae_shop_statue_plus
D:10:     layout_basic, enter_bailey_2
Temple:   pf_temple_reverse_labyrinth

Skill      XL: |  1  2  3  4  5  6  7  8  9 10 |
---------------+-------------------------------+-----
Ranged Weapons | 6 7 8 9 10 11 13 16 18 | 18.0
Dodging        | 3 5 6 7 8 |  8.8
Fighting       | 2 3 4 |  4.3
Armour         | 1 2 |  2.0
Invocations    | 4 |  4.0
Stealth        | |  1.2

Action                     |  1- 3 |  4- 6 |  7- 9 | 10-12 || total
---------------------------+-------+-------+-------+-------++-------
   Fire: Shortbow          |   145 |    55 |       |       ||   200
         Orcbow            |       |   100 |    13 |       ||   113
         Longbow           |       |       |   259 |   174 ||   433
 Invoke: Heroism           |       |       |       |     1 ||     1
    Use: Scroll            |     1 |    10 |     9 |     5 ||    25
         Potion            |       |     3 |     5 |       ||     8
 Armour: Leather armour    |    52 |    28 |       |     7 ||    87
         Ring mail         |       |       |    58 |    35 ||    93
  Dodge: Dodged            |    68 |    28 |    88 |    49 ||   233
  Block: Other             |     9 |    13 |    23 |     4 ||    49

Table legend:
 A = Non-vault XP
 B = Vault XP
 C = Vault XP percentage of total XP
 D = Non-vault monster count
 E = Vault monster count
 F = Vault count percentage of total count
                 A         B        C        D         E       F
            +---------+---------+-------+---------+---------+-------
      Total |    7798 |    2770 |  26.2 |     203 |      49 |  19.4
            +---------+---------+-------+---------+---------+-------
        D:1 |      95 |       0 |   0.0 |      44 |       0 |   0.0
        D:2 |      61 |       0 |   0.0 |      14 |       0 |   0.0
        D:3 |      31 |       0 |   0.0 |       9 |       0 |   0.0
        D:4 |     429 |       0 |   0.0 |      22 |       0 |   0.0
        D:5 |     441 |      39 |   8.1 |      12 |       2 |  14.3
        D:6 |     632 |     191 |  23.2 |       9 |       3 |  25.0
        D:7 |    1125 |       0 |   0.0 |      28 |       0 |   0.0
        D:8 |    1094 |    1509 |  58.0 |      19 |      10 |  34.5
        D:9 |    2110 |      57 |   2.6 |      32 |       1 |   3.0
       D:10 |    1780 |       0 |   0.0 |      14 |       0 |   0.0
    Ossuary |       0 |     974 | 100.0 |       0 |      33 | 100.0
            +---------+---------+-------+---------+---------+-------
